 Dungeon Crawl Stone Soup version 0.25.1-1-g288607f (webtiles) character file.

Game seed: 3399320635879923555

1036 Gadfly the Magician (level 8, -3/44 HPs)
             Began as a Deep Elf Venom Mage on July 20, 2020.
             Was a Follower of Vehumet.
             Killed from afar by an orc wizard (4 damage)
             ... with a magic dart
             ... on level 5 of the Dungeon.
             The game lasted 00:11:38 (6318 turns).

Gadfly the Magician (Deep Elf Venom Mage)           Turns: 6318, Time: 00:11:39

Health: -3/44      AC:  5    Str:  5    XL:     8   Next: 4%
Magic:  19/19      EV: 16    Int: 23    God:    Vehumet [*.....]
Gold:   191        SH:  0    Dex: 21    Spells: 9/19 levels left

rFire    . . .     SeeInvis .   a - +0 dagger (chaos)
rCold    . . .     Gourm    .   (no shield)
rNeg     . . .     Faith    +   m - +1 robe
rPois    .         Spirit   .   s - +0 helmet
rElec    .         Reflect  .   (no cloak)
rCorr    .         Harm     .   (no gloves)
MR       .....                  l - +0 pair of boots
Stlth    ++........             f - amulet of faith
HPRegen  0.14/turn              n - ring of wizardry
MPRegen  0.16/turn              o - +6 ring of dexterity

@: about to teleport
A: no striking features
a: Renounce Religion


You were on level 5 of the Dungeon.
You worshipped Vehumet.
Vehumet was aware of your devotion.
You were not hungry.

You visited 2 branches of the dungeon, and saw 6 of its levels.

You collected 191 gold pieces.

Inventory:

Hand Weapons
 a - a +0 dagger of chaos (weapon)
 b - a +2 dagger of venom
Missiles
 h - a throwing net (quivered)
Armour
 l - a +0 pair of boots (worn)
 m - a +1 robe (worn)
 s - a +0 helmet (worn)
Jewellery
 f - an amulet of faith (around neck)
 g - an uncursed amulet of reflection
 n - a ring of wizardry (left hand)
 o - a +6 ring of dexterity (right hand)
 p - the ring "Wicvik" {+Fly rPois MR- Dex+3}
   (You found it on level 4 of the Dungeon)

   [ring of flight]

   It affects your dexterity (+3).
   It protects you from poison.
   It affects your resistance to hostile enchantments.
   It lets you fly.
Scrolls
 j - a scroll of teleportation
 k - a scroll of blinking
 q - a scroll of remove curse
Potions
 e - 2 potions of brilliance
 i - 2 potions of flight
Comestibles
 c - 7 rations
 d - 6 chunks of flesh


   Skills:
 + Level 2.0 Fighting
 * Level 5.3 Dodging
 - Level 2.4 Stealth
 * Level 6.3 Spellcasting
 * Level 4.7 Transmutations
 + Level 2.7 Fire Magic
 * Level 5.6 Poison Magic


You had 9 spell levels left.
You knew the following spells:

 Your Spells              Type           Power        Failure   Level  Hunger
a - Sting                 Tmut/Pois      ####         1%          1    None
b - Poisonous Vapours     Pois/Air       ###...       1%          2    None
c - Ignite Poison         Fire/Tmut/Pois ####....     1%          3    #......
d - Olgreb's Toxic Radia  Pois           ####....     3%          4    ###....

Your spell library contained the following spells:

 Spells                   Type           Power        Failure   Level  Hunger
 Sandblast                Erth           #.....       3%          1    None
 Mephitic Cloud           Conj/Pois/Air  ###.....     4%          3    #......


Dungeon Overview and Level Annotations

Branches:
Dungeon (5/15)             Temple (1/1) D:4

Altars:
Cheibriados
Elyvilon
Fedhas
Gozag
Hepliaklqana
Makhleb
Nemelex Xobeh
Okawaru
Qazlal
Ru
Sif Muna
Uskayaw
Vehumet
Wu Jian
Xom
Zin
The Shining One

Annotations:
D:5 Menkaure


Message History

The jackal barks!
You hit something. Something hits you.
* * * LOW HITPOINT WARNING * * *
Something hits you but does no damage.
You hit something but do no damage.
You hear some strange, mumbled words.
A magic dart appears from out of thin air!
The magic dart hits you.
* * * LOW HITPOINT WARNING * * *
Okay, then.
As you read the scroll of teleportation, it crumbles to dust.
You feel strangely unstable.
You hear some strange, mumbled words.
A magic dart appears from out of thin air!
The magic dart hits you!
* * * LOW HITPOINT WARNING * * *
Something hits you but does no damage.
A magic dart appears from out of thin air!
The magic dart hits you.
You die...

### #.# #.#######
###### #........
#ho..# #.######.
#.#{## #.# #..
#############.#.#
#.# #..
........o{h.h.#@#
#.# #..
......$.oM#####.#
#.# #.. ..........#
#.# #.#####..
..........# ##'##
#........
..........# #...###
#..#####.
###.......#
#...§§#####..# #)
.........#
#...§§'..##..# #.
...#######
###...##.##..#####>
.......##.##........


You could see an orc.

Vanquished Creatures
  Sigmund (D:2)
  A wyvern (D:5)
  3 ogres
  4 crimson imps (D:4)
  2 hounds
  An orc priest (D:3)
  2 orc wizards
  2 worker ants
  6 adders
  A shadow imp (D:5)
  An ooze (D:3)
  3 worms
  A dart slug (D:2)
  2 leopard geckos (D:2)
  9 orcs
  2 giant cockroaches
  12 goblins
  6 hobgoblins
  9 jackals
  4 quokkas
  A ball python (D:1)
  6 bats
  2 frilled lizards (D:2)
  A giant cockroach zombie (D:5)
  8 kobolds
  A quokka zombie (D:3)
  6 rats
97 creatures vanquished.

Vanquished Creatures (others)
  An adder zombie (D:5)
1 creature vanquished.

Grand Total: 98 creatures vanquished

Notes
Turn   | Place    | Note
-------+----------+-------------------------------------------
     0 | D:1      | Gadfly the Deep Elf Venom Mage began the quest for the Orb.
     0 | D:1      | Reached XP level 1. HP: 10/10 MP: 6/6
   330 | D:1      | Reached XP level 2. HP: 11/15 MP: 8/8
   398 | D:1      | Learned a level 2 spell: Poisonous Vapours
  1087 | D:1      | You fall into a shaft and drop 1 floor!
  1427 | D:2      | Reached XP level 3. HP: 19/19 MP: 5/10
  1432 | D:2      | Learned a level 3 spell: Ignite Poison
  1674 | D:2      | Noticed Sigmund
  1692 | D:2      | Killed Sigmund
  1692 | D:2      | Reached skill level 4 in Spellcasting
  1692 | D:2      | Reached skill level 1 in Fire Magic
  1692 | D:2      | Reached XP level 4. HP: 24/24 MP: 3/12
  1692 | D:2      | Reached XP level 5. HP: 28/28 MP: 3/13
  1698 | D:2      | Learned a level 4 spell: Olgreb's Toxic Radiance
  2056 | D:2      | Found an iron altar of Okawaru.
  2788 | D:3      | Found a sacrificial altar of Ru.
  2788 | D:3      | Found a snail-covered altar of Cheibriados.
  2793 | D:3      | Reached skill level 1 in Fighting
  2952 | D:3      | Reached XP level 6. HP: 24/34 MP: 8/15
  3550 | D:4      | Reached skill level 5 in Spellcasting
  3673 | D:4      | Found a staircase to the Ecumenical Temple.
  3696 | Temple   | Entered the Ecumenical Temple
  3770 | Temple   | Became a worshipper of Vehumet
  3861 | D:4      | Found an ornate altar of the Wu Jian Council.
  4148 | D:4      | Reached skill level 5 in Poison Magic
  4148 | D:4      | Reached XP level 7. HP: 38/38 MP: 12/17
  4185 | D:4      | Got a scintillating tin ring
  4188 | D:4      | Identified the ring "Wicvik" {+Fly rPois MR- Dex+3} (You
                  | found it on level 4 of the Dungeon)
  4197 | D:4      | Found a shimmering altar of Xom.
  5687 | D:5      | Entered Level 5 of the Dungeon
  5898 | D:5      | Noticed a wyvern
  5902 | D:5      | Killed a wyvern
  5902 | D:5      | Reached skill level 5 in Dodging
  5902 | D:5      | Reached skill level 6 in Spellcasting
  6140 | D:5      | Reached XP level 8. HP: 44/44 MP: 14/19
  6274 | D:5      | Noticed Menkaure
  6290 | D:5      | Reached * piety under Vehumet
  6290 | D:5      | Offered knowledge of Sandblast by Vehumet.
  6316 | D:5      | HP: 1/44 [something/magic dart (8)]
  6318 | D:5      | Killed from afar by an orc wizard

Illustrated notes

Levels and vault maps discovered:
D:1:      dpeg_arrival_boxes_within_box, layout_basic, minmay_unequal
D:2:      layout_basic, first_ration, okawaru_metal_pillars_1_2, uniq_sigmund
D:3:      layout_loops_ring, amethyst_overflow_temple_binary
D:4:      layout_basic, kennysheep_little_box, minmay_temple_entry_antechambers,
          led_xom_imps
D:5:      layout_basic, grunt_ashenzari_visionary
          [grunt_ashenzari_visionary_swamp, grunt_ashenzari_visionary_snake],
          uniq_menkaure
Temple:   eino_temple_scatter_basement

Skill      XL: |  1  2  3  4  5  6  7 |
---------------+----------------------+-----
Transmutations | 2 3 4 |  4.7
Dodging        | 3 4 5 |  5.3
Spellcasting   | 4 5 6 |  6.3
Fire Magic     | 1 2 |  2.7
Poison Magic   | 4 5 |  5.6
Fighting       | 1 2 |  2.0
Stealth        | |  2.4

Action                   |  1- 3 |  4- 6 |  7- 9 || total
-------------------------+-------+-------+-------++-------
Melee: Unarmed           |     3 |       |       ||     3
       Dagger            |    16 |    13 |   250 ||   279
       Short sword       |    40 |    80 |       ||   120
 Cast: Sting             |    22 |     9 |       ||    31
       Poisonous Vapours |     7 |    16 |     2 ||    25
       Ignite Poison     |       |     6 |     2 ||     8
       Olgreb's Toxic Ra |       |     3 |     2 ||     5
  Use: Scroll            |     1 |    10 |     3 ||    14
       Potion            |       |       |     2 ||     2
 Stab: Sleeping          |     2 |     2 |     2 ||     6
       Petrifying        |       |       |     3 ||     3
       Confused          |       |       |     2 ||     2
       Paralysed         |       |       |     2 ||     2
       Distracted        |       |       |     1 ||     1
  Eat: Chunk             |     2 |     9 |     7 ||    18
Armor: Robe              |    16 |    19 |    59 ||    94
Dodge: Dodged            |    51 |    90 |   134 ||   275
